 Dungeon Crawl Stone Soup version 0.30-a0-760-g5a9884b (webtiles) character file.

Game seed: 13631932076969928559

18 PublicAnimeNo1 the Charlatan (level 2, 0/21 HPs)
             Began as a Demonspawn Artificer on Feb 10, 2023.
             Constricted to death by a ball python (1 damage)
             ... on level 2 of the Dungeon.
             The game lasted 00:01:45 (927 turns).

PublicAnimeNo1 the Charlatan (Demonspawn Artificer)  Turns: 927, Time: 00:01:45

Health: 0/21       AC:  3    Str: 12    XL:     2   Next: 51%
Magic:  2/2        EV:  8    Int: 12    God:
Gold:   35         SH:  0    Dex: 13    Spells: 1/1 levels left

rFire   . . .      SeeInvis .    a - +2 dagger (drain)
rCold   . . .      Faith    .    (no shield)
rNeg    . . .      Spirit   .    b - +0 leather armour
rPois   .          Reflect  .    (no helmet)
rElec   .          Harm     .    (no cloak)
rCorr   .          Rampage  .    (no gloves)
Will    .....                    (no boots)
Stlth   ++                       (no amulet)
HPRegen 0.23/turn                (no ring)
MPRegen 0.08/turn                (no ring)

@: constricted
A: ignite blood 1
a: no special abilities


You were on level 2 of the Dungeon.
You visited 1 branch of the dungeon, and saw 2 of its levels.

You collected 35 gold pieces.

Inventory:

Hand Weapons
 a - a +2 dagger of draining (weapon)
 f - a +0 short sword
Armour
 b - a +0 leather armour (worn)
Wands
 c - a wand of flame (10) (quivered)
 d - a wand of charming (14)
 e - a wand of iceblast (5)
Scrolls
 h - a scroll of fog {unknown}
Potions
 g - a potion of lignification {unknown}


   Skills:
 + Level 1.6 Fighting
 * Level 0.1 Short Blades
 - Level 1.7 Armour
 - Level 0.8 Dodging
 + Level 1.5 Stealth
 + Level 3.3 Evocations


You had one spell level left.
You didn't know any spells.
Your spell library was empty.

Dungeon Overview and Level Annotations

Branches:
Dungeon (2/15)

Altars:


Innate Abilities, Weirdness & Mutations

Your demonic aura sometimes causes spilled blood to erupt in flames.


Message History

The ball python barely misses you. The ball python constricts you.
The ball python barely misses you. The ball python constricts you.
The rat bites you.
The quokka bites you but does no damage.
You are too injured to fight recklessly!
You are too injured to fight recklessly!
You escape the ball python's grasp.
There is a stone staircase leading up here.
You closely miss the quokka. The quokka bites you. The ball python bites you.
The ball python barely misses you. The rat misses you.
You hit the quokka.
The quokka is almost dead.
The quokka bites you.
The ball python bites you but does no damage.
The ball python grabs you. The ball python constricts you.
The quokka bites you.
* * * LOW HITPOINT WARNING * * *
The rat bites you.
* * * LOW HITPOINT WARNING * * *
You miss the quokka.
The quokka is severely wounded.
The ball python bites you but does no damage.
The ball python constricts you.
The quokka twitches its whiskers.
The quokka completely misses you. The rat bites you.
* * * LOW HITPOINT WARNING * * *
You miss the quokka.
The quokka is severely wounded.
The ball python bites you but does no damage.
The ball python constricts you. The quokka completely misses you.
The rat bites you but does no damage.
You closely miss the quokka.
The quokka is severely wounded.
The ball python closely misses you. The ball python constricts you.
* * * LOW HITPOINT WARNING * * *
The quokka bites you but does no damage.
The ball python bites you.
* * * LOW HITPOINT WARNING * * *
The ball python constricts you.
You die...

############
##..........##
##.....r.....$###
#.....@r..|......
#...?..S........#
#..............##
#..............#
#..............#
##............##
##..........##
##..#.######


You could see a quokka, a ball python and a rat.

Vanquished Creatures
  A dart slug (D:1)
  3 endoplasms (D:1)
  2 goblins (D:1)
  3 hobgoblins (D:1)
  3 bats (D:1)
  A kobold (D:1)
  2 rats (D:1)
15 creatures vanquished.

Vanquished Creatures (others)
  A kobold (D:1)
1 creature vanquished.

Grand Total: 16 creatures vanquished

Notes
Turn   | Place    | Note
-------+----------+-------------------------------------------
     0 | D:1      | PublicAnimeNo1 the Demonspawn Artificer began the quest for
                  | the Orb.
     0 | D:1      | Reached XP level 1. HP: 15/15 MP: 1/1
    90 | D:1      | Reached skill level 1 in Stealth
   415 | D:1      | Gained mutation: Your demonic aura sometimes causes spilled
                  | blood to erupt in flames. [demonic ancestry]
   415 | D:1      | Reached XP level 2. HP: 21/21 MP: 2/2
   501 | D:1      | Found a faded altar of an unknown god.
   927 | D:2      | HP: 1/21 [ball python (1)]
   927 | D:2      | Constricted to death by a ball python

Illustrated notes

Levels and vault maps discovered:
D:1:      lemuel_arrival_rhombus, layout_loops_cross,
          ebering_ecumenical_altar_rust
D:2:      layout_rooms

Skill      XL: |  1 |
---------------+----+-----
Stealth        | 1 |  1.5
Fighting       | |  1.6
Short Blades   | |  0.1
Armour         | |  1.7
Dodging        | |  0.8
Evocations     | |  3.3

Action                     || total
---------------------------++-------
  Melee: Short sword       ||    32
         Club              ||     4
         Dagger            ||    16
         Punch             ||     2
  Evoke: Wand              ||     6
   Stab: Sleeping          ||     2
 Armour: Leather armour    ||    26
  Dodge: Dodged            ||    46

Table legend: (Time is in decaauts)
 A = Elapsed time spent in this place.
 B = Non-inter-level travel time spent in this place.
 C = Inter-level travel time spent in this place.
 D = Time resting spent in this place.
 E = Time spent auto-exploring this place.
 F = Levels seen in this place.
 G = Mean time per level.
                   A        B        C        D        E       F      G
               +--------+--------+--------+--------+--------+-----+--------+
         Total |    927 |    895 |     32 |    148 |    614 |   2 |  463.5 |
       Dungeon |    927 |    895 |     32 |    148 |    614 |   2 |  463.5 |
               +--------+--------+--------+--------+--------+-----+--------+

Top non-repeatable levels by time:
     D:1: 914 daAuts
     D:2: 12 daAuts
